Unix NetHack Version 3.7.0-70 Work-in-progress - last build Jan 20 2023 02:37:49 (416de4da9be3a1557180d233d1398bca634ded6a,branch:master). Game began 2023-01-20 16:31:26, ended 2023-01-20 16:38:03. McPanther, chaotic male orcish Wizard -------------- ------ +............| |....| |............| @## |....| .............| iZZ |....| |...........>.#########f#%.....| ------.------- ## |....| ----.- # # # # ## # # # -----.- |..<..| ......| ------- McPanther the Conjurer St:9 Dx:15 Co:14 In:16 Wi:11 Ch:11 Chaotic S:614 Dlvl:3 $:126 HP:0(30) Pw:26(42) AC:10 Xp:4/82 T:1092 Latest messages: You get zapped! You hear some noises in the distance. You hear someone counting gold coins. You miss the dwarf zombie. The dwarf zombie hits! # Are you sure you want to pray? [yn] (n) You begin praying to Anhur. You are surrounded by a shimmering light. The dwarf zombie starts to attack you, but pulls back. The dwarf zombie starts to attack you, but pulls back. The dwarf zombie starts to attack you, but pulls back. You finish your prayer. You feel that Anhur is well-pleased. You feel much better. In what direction? The spell hits the dwarf zombie! You destroy the dwarf zombie! Welcome to experience level 4. You see here a dwarf corpse. You hit the kobold zombie. The kobold zombie hits! You miss the kobold zombie. The kobold zombie hits! The kobold zombie hits! The homunculus bites! You miss the homunculus. The homunculus bites! You are put to sleep by the homunculus! The homunculus bites! Tusik bites the dwarf zombie. The dwarf zombie hits Tusik. The homunculus bites! Tusik misses the kobold zombie. The homunculus bites! The kobold zombie hits! Tusik misses the kobold zombie. The dwarf zombie hits! Tusik misses the kobold zombie. The homunculus bites! Tusik misses the kobold zombie. Tusik misses the kobold zombie. The homunculus bites! Tusik misses the kobold zombie. Tusik bites the kobold zombie. The kobold zombie hits Tusik. The homunculus bites! The kobold zombie hits! You die... Do you want your possessions identified? [ynq] (y) Inventory: Coins $ - 126 gold pieces Weapons s - a cursed thoroughly rusty -2 dagger (weapon in hand) a - a blessed +1 quarterstaff Armor b - a blessed +0 cloak of magic resistance t - an uncursed +0 dwarvish cloak Comestibles v - 2 uncursed cloves of garlic o - an uncursed food ration q - an uncursed fortune cookie n - an uncursed lichen corpse Scrolls j - an uncursed scroll of create monster i - 2 uncursed scrolls of enchant weapon Spellbooks l - an uncursed spellbook of extra healing k - a blessed spellbook of force bolt Potions r - an uncursed potion of gain energy f - an uncursed potion of healing m - an uncursed potion of restore ability p - a potion of holy water g - 2 uncursed potions of water Rings e - an uncursed +1 ring of adornment d - an uncursed ring of regeneration Wands c - a wand of teleportation (0:4) McPanther the Wizard's attributes: Background: You were a Conjurer, a level 4 male orcish Wizard. You were chaotic, on a mission for Anhur who was opposed by Ptah (lawful) and Thoth (neutral). You were in the Dungeons of Doom, on level 3. You entered the dungeon 1092 turns ago. You had 82 experience points, 78 more were needed to attain level 5. Your score was 614 before end-of-game adjustments. Basics: You had 0 out of 30 hit points. You had 26 out of 42 energy points (spell power). Your armor class was 10. Your wallet contained 126 zorkmids. Autopickup was on for '$"?!=/' plus thrown, with exceptions. Final Characteristics: Your strength was 9 (limit:18/50). Your dexterity was 15 (limit:18). Your constitution was 14 (limit:18). Your intelligence was 16 (limit:16). Your wisdom was 11 (limit:16). Your charisma was 11 (limit:16). Final Status: You were not hungry. You were unencumbered. You were wielding a dagger. You were unskilled in dagger. You were not wearing any armor. Final Attributes: You were devoutly aligned. You were poison resistant. You had infravision. You are dead. Miscellaneous: You never encountered a bones level. Total elapsed playing time was 6 minutes and 35 seconds. Major events: Turn 1: McPanther the chaotic male orcish Wizard entered the dungeon 487: attained the rank of Conjurer (level 3) 1092: killed by a kobold zombie, while sleeping Vanquished creatures: a shrieker a dwarf zombie an acid blob 2 gas spores a hobbit a yellow mold 2 geckos 4 jackals 3 foxes 3 kobolds a goblin 3 grid bugs 3 lichens a kobold zombie 2 newts 29 creatures vanquished. No species were genocided or became extinct. Voluntary challenges: You read items or engraved 2 times. You never engraved Elbereth. You never genocided any monsters. You never polymorphed an object. You never changed form. You used no wishes. Achievement: You attained the rank of Conjurer. The Dungeons of Doom: levels 1 to 4 Level 1: A fountain. Level 2: "box, and above too" Some fountains. Level 3: <- You were here. Final resting place for you, killed by a kobold zombie, while sleeping. Level 4: Game over: ---------- / \ / REST \ / IN \ / PEACE \ / \ | McPanther | | 126 Au | | killed by a | | kobold zombie | | | | | | 2023 | *| * * * | * _________)/\\_//(\/(/\)/\//\/|_)_______ Goodbye McPanther the Wizard... You died in The Dungeons of Doom on dungeon level 3 with 602 points, and 126 pieces of gold, after 1092 moves. You were level 4 with a maximum of 30 hit points when you died.